 Dungeon Crawl Stone Soup version 0.30-a0-748-ge6a52f7cba (webtiles) character file.

Game seed: 4082069091744333148

283 sircluck the Shooter (level 6, -4/30 HPs)
             Began as a Spriggan Hunter on Feb 7, 2023.
             Constricted to death by Pikel (8 damage)
             ... on level 4 of the Dungeon on Feb 8, 2023.
             The game lasted 00:11:34 (2988 turns).

sircluck the Shooter (Spriggan Hunter)              Turns: 2988, Time: 00:11:35

Health: -4/30      AC:  2    Str:  7    XL:     6   Next: 7%
Magic:  7/7        EV: 15    Int: 10    God:
Gold:   161        SH:  0    Dex: 21    Spells: 5/5 levels left

rFire   . . .      SeeInvis +    a - +0 shortbow
rCold   . . .      Faith    .    (shield currently unavailable)
rNeg    . . .      Spirit   .    c - +0 robe
rPois   .          Reflect  .    (helmet restricted)
rElec   .          Harm     .    (no cloak)
rCorr   .          Rampage  .    (gloves unavailable)
Will    +....                    (boots unavailable)
Stlth   +++                      (no amulet)
HPRegen 0.25/turn                (no ring)
MPRegen 0.10/turn                (no ring)

@: grasped by roots, constricted, very quick
A: very small, no large weapons, unfitting armour, see invisible, speed 3
a: no special abilities


You were on level 4 of the Dungeon.
You visited 1 branch of the dungeon, and saw 4 of its levels.

You collected 161 gold pieces.

Inventory:

Hand Weapons
 a - a +0 shortbow (weapon)
 i - a +2 dagger of venom
Missiles
 g - 7 poisoned darts
 s - 6 boomerangs
Armour
 c - a +0 robe (worn)
Jewellery
 d - a ring of protection from cold
 e - a ring of magical power
 u - a +6 ring of intelligence
Scrolls
 b - 2 scrolls of immolation
 f - a scroll of identify
 h - 4 scrolls of teleportation
 l - a scroll of amnesia {unknown}
 n - a scroll of silence {unknown}
 p - a scroll of vulnerability {unknown}
 t - a scroll of torment {unknown}
 v - a scroll of enchant weapon {unknown}
Potions
 j - 4 potions of lignification {unknown}
 k - a potion of attraction {unknown}
 m - a potion of heal wounds {unknown}
 o - a potion of haste {unknown}
 q - a potion of ambrosia {unknown}
 r - a potion of degeneration {unknown}


   Skills:
 + Level 2.3 Fighting
 + Level 6.7 Ranged Weapons
 + Level 0.2 Throwing
 + Level 3.3 Dodging
 + Level 2.5 Stealth


You had 5 spell levels left.
You didn't know any spells.
Your spell library was empty.

Dungeon Overview and Level Annotations

Branches:
Dungeon (4/15)
 Temple: D:4-7

Altars:
Makhleb

Shops:
D:4 [

Annotations:
D:4 Pikel


Innate Abilities, Weirdness & Mutations

You are very small and have problems with some larger weapons.
You are too small for most types of armour.
You have supernaturally acute eyesight. (SInv)
You cover ground extremely quickly. (Speed+++)


Message History

There is an open door here.
There is an open door here.
You see here a +0 club.
You are too injured to fight recklessly!
As you read the scroll labelled BUGRIW LESOTEY, it crumbles to dust.
It is a scroll of identify.
Really abort (and waste the scroll)?
h - 4 scrolls of teleportation Fire: a) +0 shortbow
Press: ? - help, Q - select action, (/) - cycle Shift-Dir - straight line, f - lemure
Aim: a lemure (severely wounded, 60% to hit)
You shoot an arrow.
The arrow hits the lemure but does no damage.
The lemure is severely wounded.
Fire: a) +0 shortbow
Press: ? - help, Q - select action, (/) - cycle Shift-Dir - straight line, f/p - lemure
Aim: a lemure (severely wounded, 60% to hit)
You shoot an arrow. The arrow hits the lemure.
The lemure is almost dead.
Fire: a) +0 shortbow
Press: ? - help, Q - select action, (/) - cycle Shift-Dir - straight line, f/p - lemure
Aim: a lemure (almost dead, 60% to hit)
You shoot an arrow. The arrow barely misses the lemure.
The arrow closely misses the lemure.
The lemure completely misses you.
Fire: a) +0 shortbow
Press: ? - help, Q - select action, (/) - cycle Shift-Dir - straight line, f/p - lemure
Aim: a lemure (almost dead, 60% to hit)
You shoot an arrow. The arrow hits the lemure.
You kill the lemure!
That felt strangely unrewarding.
Pikel zaps a wand.
The roots erupt in riotous growth!
The grasping roots grab you!
The lemure is unaffected.
The grasping roots constrict you.
* * * LOW HITPOINT WARNING * * *
The roots grasp on you weakens, but your attempt to escape fails.
The lemure hits you.
* * * LOW HITPOINT WARNING * * *
The grasping roots constrict you!
You die...

. ############ #
#......#.<.#
#......#...#
########..##..##
.......#..##..#######
.......#...'........#
.......#...#........#
.....5.#...#...5@...+
.......#..###...#####
..##'###..###.K.### .
###.........#.....#....
5.........K.'5..≈≈≈≈....
.##..###....#......≈....
#### #########≈≈≈≈....
#####.... ....


You could see Pikel and 2 lemures.

Vanquished Creatures
  Sigmund (D:3)
  A lemure (D:4)
  4 adders (D:2)
  2 worms (D:2)
  2 dart slugs
  An orc (D:3)
  2 endoplasms
  4 giant cockroaches
  15 goblins
  9 hobgoblins
  5 quokkas
  9 ball pythons
  2 bats
  3 frilled lizards
  4 kobolds
  7 rats
71 creatures vanquished.

Notes
Turn   | Place    | Note
-------+----------+-------------------------------------------
     0 | D:1      | sircluck the Spriggan Hunter began the quest for the Orb.
     0 | D:1      | Reached XP level 1. HP: 10/10 MP: 2/2
     5 | D:1      | Upgraded the game from 0.30-a0-743-gbfdf073431 to
                  | 0.30-a0-748-ge6a52f7cba
   152 | D:1      | Reached XP level 2. HP: 10/14 MP: 3/3
   170 | D:1      | You fall into a shaft and drop 1 floor!
   893 | D:2      | Reached XP level 3. HP: 18/18 MP: 4/4
   995 | D:2      | Reached skill level 5 in Ranged Weapons
  1096 | D:2      | Found a faded altar of an unknown god.
  1135 | D:2      | Reached XP level 4. HP: 23/23 MP: 5/5
  1608 | D:3      | Noticed Sigmund
  1639 | D:3      | Found a burning altar of Makhleb.
  1831 | D:3      | Killed Sigmund
  1832 | D:3      | Reached skill level 6 in Ranged Weapons
  1832 | D:3      | Reached XP level 5. HP: 17/26 MP: 6/6
  2005 | D:3      | Reached XP level 6. HP: 24/30 MP: 7/7
  2836 | D:4      | Found Qichijoc's Antique Armour Boutique.
  2936 | D:4      | Noticed Pikel
  2988 | D:4      | Constricted to death by Pikel

Illustrated notes

Levels and vault maps discovered:
D:1:      dpeg_arrival_connections, layout_basic
D:2:      layout_basic, shapermc_ecumenical_altar_mp_vishouse,
          minmay_pentomino_w2
D:3:      kennysheep_the_goblin_king, layout_basic, overflow_temple_1_default,
          hangedman_decor_peaks_small, kennysheep_generic_room_2, uniq_sigmund
D:4:      wad_crossroads, layout_gridville, mainiacjoe_overflow_brackets,
          serial_shops, nicolae_stop_n_shop_2, nicolae_take_the_stairs,
          chequers_serial_rivers_micro_d, nicolae_grassy_gnolls, uniq_ijyb,
          uniq_edmund, uniq_pikel

Skill      XL: |  1  2  3  4 |
---------------+-------------+-----
Stealth        | 2 |  2.5
Ranged Weapons | 5 6 |  6.7
Dodging        | 3 |  3.3
Fighting       | 2 |  2.3
Throwing       | |  0.2

Action                     |  1- 3 |  4- 6 || total
---------------------------+-------+-------++-------
   Fire: Shortbow          |    96 |   100 ||   196
  Throw: Dart              |       |     2 ||     2
    Use: Scroll            |       |     1 ||     1
 Armour: Robe              |     5 |     3 ||     8
  Dodge: Dodged            |    45 |    16 ||    61

Table legend: (Time is in decaauts)
 A = Elapsed time spent in this place.
 B = Non-inter-level travel time spent in this place.
 C = Inter-level travel time spent in this place.
 D = Time resting spent in this place.
 E = Time spent auto-exploring this place.
 F = Levels seen in this place.
 G = Mean time per level.
                   A        B        C        D        E       F      G
               +--------+--------+--------+--------+--------+-----+--------+
         Total |   2026 |   1757 |    269 |     15 |   1071 |   4 |  506.5 |
       Dungeon |   2026 |   1757 |    269 |     15 |   1071 |   4 |  506.5 |
               +--------+--------+--------+--------+--------+-----+--------+

Top non-repeatable levels by time:
     D:3: 859 daAuts
     D:2: 557 daAuts
     D:1: 538 daAuts
     D:4: 70 daAuts
